[Event "Early-Titled-Tuesday-Blitz-January-23-2024"]
[Site "Chess.com"]
[Date "2024.01.23"]
[Round "5"]
[White "Savagelittlemole"]
[Black "tolia123"]
[Result "1-0"]
[WhiteElo "2458"]
[BlackElo "2097"]
[TimeControl "180+1"]
[EndTime "8:52:56 PST"]
[Termination "Savagelittlemole won by resignation"]

1. e4 c5 2. Ne2 Nc6 3. g3 g6 4. Bg2 Bg7 5. c3 e6 6. d4 cxd4 7. cxd4 Nge7 8. d5 exd5 9. exd5 Ne5 10. d6 N7c6 11. O-O O-O 12. Nbc3 Nc4 13. b3 Nb6 14. Ba3 Re8 15. Rc1 Qf6 16. Nf4 Qg5 17. Ncd5 Nxd5 18. Nxd5 Rb8 19. h4 Qd8 20. Re1 Rxe1+ 21. Qxe1 b6 22.
Ne7+ Nxe7 23. dxe7 Qe8 24. Bd6 Rb7 25. Rxc8 1-0

[Event "Early-Titled-Tuesday-Blitz-January-23-2024"]
[Site "Chess.com"]
[Date "2024.01.23"]
[Round "5"]
[White "Schachmalanders"]
[Black "norwaytoadog"]
[Result "1-0"]
[WhiteElo "2455"]
[BlackElo "2279"]
[TimeControl "180+1"]
[EndTime "8:53:05 PST"]
[Termination "Schachmalanders won by resignation"]

1. e4 c5 2. d4 cxd4 3. c3 e5 4. cxd4 Bb4+ 5. Bd2 Bxd2+ 6. Qxd2 exd4 7. Nf3 Nc6 8. Nxd4 Nf6 9. Nxc6 dxc6 10. Qxd8+ Kxd8 11. Nc3 Re8 12. O-O-O+ Kc7 13. f3 Be6 14. Bd3 b5 15. a3 Nd7 16. f4 f6 17. Rhe1 Nc5 18.
Bc2 a5 19. e5 f5 20. g4 g6 21. gxf5 gxf5 22. Rg1 b4 23. Rg7+ Kb6 24. Na4+ Nxa4 25. Bxa4 Red8 26. Rxh7 Rxd1+ 27. Bxd1 Rd8 28. Rh6 Bd5 29.
Bc2 Be4 30. Bxe4 fxe4 31. e6 e3 32. e7 Re8 33. Re6 1-0

[Event "Early-Titled-Tuesday-Blitz-January-23-2024"]
[Site "Chess.com"]
[Date "2024.01.23"]
[Round "5"]
[White "Sebastian"]
[Black "Meri-Arabidze"]
[Result "1-0"]
[WhiteElo "2996"]
[BlackElo "2713"]
[TimeControl "180+1"]
[EndTime "8:53:13 PST"]
[Termination "Sebastian won by resignation"]

1. e4 c5 2. Nf3 e6 3. d4 cxd4 4. Nxd4 Nc6 5. Nc3 a6 6. Qd3 Nge7 7. Nb3 d5 8. exd5 Nxd5 9. Nxd5 Qxd5 10. Qxd5 exd5 11.
Be3 Be6 12. c3 Be7 13. Be2 O-O 14. O-O Ne5 15. Bc5 Rfe8 16. Bxe7 Rxe7 17. Nd4 Nc4 18. Bxc4 dxc4 19. Rfd1 Rae8 20. f3 g6 21. h4 Kg7 22.
Kf2 h5 23. Rd2 Bd5 24. Nc2 Bc6 25. Re1 Rxe1 26. Nxe1 f6 27. Nc2 g5 28. Ne3 gxh4 29.
Nxc4 Kg6 30. Rd4 Kg5 31. Ne3 Re5 32. f4+ 1-0

[Event "Early-Titled-Tuesday-Blitz-January-23-2024"]
[Site "Chess.com"]
[Date "2024.01.23"]
[Round "5"]
[White "Chempiblinka"]
[Black "malakismayil"]
[Result "0-1"]
[WhiteElo "2312"]
[BlackElo "2565"]
[TimeControl "180+1"]
[EndTime "8:53:17 PST"]
[Termination "malakismayil won on time"]

1. Nf3 Nf6 2. g3 d5 3. Bg2 e6 4.
c4 Be7 5. O-O O-O 6. d4 dxc4 7. Qc2 c5 8. Rd1 Qb6 9. e3 Nc6 10. dxc5 Bxc5 11. Nc3 Nb4 12. Qe2 Nd3 13. Na4 Qc7 14. Nxc5 Qxc5 15. b3 b5 16. a4 Nd5 17.
Ba3 b4 18. bxc4 Nc3 19. Qxd3 Nxd1 20. Bxb4 Qxb4 21. Ng5 f5 22. Bxa8 Nxf2 0-1

[Event "Early-Titled-Tuesday-Blitz-January-23-2024"]
[Site "Chess.com"]
[Date "2024.01.23"]
[Round "5"]
[White "AradNazari"]
[Black "FMCASTE"]
[Result "0-1"]
[WhiteElo "2598"]
[BlackElo "2499"]
[TimeControl "180+1"]
[EndTime "8:53:19 PST"]
[Termination "FMCASTE won by resignation"]

1. b4 g6 2. Bb2 Nf6 3. h4 h5 4. d3 d5 5. Nd2 a5 6. b5 c6 7. c4 Bg7 8. Ngf3 a4 9. a3 O-O 10. Rb1 cxb5 11. cxb5 Nbd7 12. g3 Nc5 13. Bd4 b6 14.
Bg2 Bb7 15. O-O Re8 16. Ne5 Nfd7 17. Ndf3 Nxe5 18. Bxe5 f6 19. Bc3 e5 20. d4 Ne4 21.
Bb4 Qd7 22. Qd3 Rad8 23. Rfd1 Qf5 24. Nd2 Qxf2+ 25. Kh2 exd4 26. Nf1 Nc3 27. Bxc3 dxc3 28. Re1 d4 0-1

[Event "Early-Titled-Tuesday-Blitz-January-23-2024"]
[Site "Chess.com"]
[Date "2024.01.23"]
[Round "5"]
[White "AndresDelgado77"]
[Black "karenzc"]
[Result "1-0"]
[WhiteElo "2399"]
[BlackElo "2192"]
[TimeControl "180+1"]
[EndTime "8:53:19 PST"]
[Termination "AndresDelgado77 won by checkmate"]

1. e4 c5 2. Nf3 Nc6 3. b4 Nxb4 4. c3 Nc6 5. d4 cxd4 6. cxd4 d5 7. exd5 Qxd5 8. Nc3 Qa5 9. Bd2 Bg4 10. d5 Ne5 11.
Nb5 Qd8 12. Qe2 Nxf3+ 13. gxf3 Bd7 14. Nd6# 1-0

[Event "Early-Titled-Tuesday-Blitz-January-23-2024"]
[Site "Chess.com"]
[Date "2024.01.23"]
[Round "5"]
[White "FREDERICKtheMATE"]
[Black "InitiatingASC"]
[Result "1-0"]
[WhiteElo "2568"]
[BlackElo "2434"]
[TimeControl "180+1"]
[EndTime "8:53:22 PST"]
[Termination "FREDERICKtheMATE won by resignation"]

1. c4 Nf6 2. d4 e6 3. Nf3 d5 4.
Nc3 c5 5. e3 Nc6 6. a3 a6 7.
dxc5 Bxc5 8. b4 Bd6 9. Bb2 O-O 10. h3 dxc4 11. Bxc4 b5 12. Bd3 Bb7 13. O-O Qe7 14.
Qe2 Rac8 15. Rac1 Rfd8 16. Rfd1 Ne5 17. Nxe5 Bxe5 18. f4 Bb8 19. g4 Ba8 20. g5 Nd7 21. h4 Nf8 22. Ne4 Rxc1 23. Rxc1 Rxd3 24. Qxd3 Qb7 25. Bd4 Qxe4 26. Qxe4 Bxe4 27. Rc8 Bd6 28. Bc5 Bxc5 29. bxc5 f6 30. c6 Kf7 31. c7 Ng6 32.
Rf8+ Nxf8 33. c8=Q Bd5 34. Qxa6 Bc4 35. Qb7+ Kg6 36.
Qe7 1-0

[Event "Early-Titled-Tuesday-Blitz-January-23-2024"]
[Site "Chess.com"]
[Date "2024.01.23"]
[Round "5"]
[White "DeArron_Fox"]
[Black "Lion-Al-Messi"]
[Result "0-1"]
[WhiteElo "2457"]
[BlackElo "2598"]
[TimeControl "180+1"]
[EndTime "8:53:24 PST"]
[Termination "Lion-Al-Messi won by checkmate"]

1. d4 d5 2. c4 c6 3. Nc3 Nf6 4.
e3 e6 5. Nf3 Nbd7 6. Qc2 Bd6 7.
Bd3 dxc4 8. Bxc4 b5 9. Bd3 Bb7 10. O-O O-O 11. e4 e5 12. h3 exd4 13. Nxd4 Ne5 14.
Rd1 Nxd3 15. Rxd3 Qb8 16. Nf5 Bh2+ 17. Kh1 b4 18. Bg5 Be5 19. f4 Bxc3 20. bxc3 Nxe4 21. cxb4 Nxg5 22. fxg5 Qe5 23. Re3 Qxa1+ 24. Kh2 Rae8 25. Ne7+ Rxe7 26. Rxe7 Bc8 27. Qxc6 Be6 28. Qc7 Qxa2 29. b5 Bd5 30. Qg3 Qb3 31. Rxa7 Qxg3+ 32. Kxg3 Rb8 33. Rd7 Bc4 34. Rd4 Bxb5 35. Rb4 Rb7 36. Kf4 Kf8 37. Ke5 Bc6 38. Rc4 Bxg2 39. Rc8+ Ke7 40. h4 Rb5+ 41. Kf4 Rb4+ 42. Kg3 Be4 43. Rc7+ Ke6 44. Rc8 Rb3+ 45.
Kf4 Bd5 46. Rg8 g6 47. Rg7 Rf3+ 48. Kg4 Ke5 49. Rxh7 Re3 50. h5 Be6+ 51. Kh4 Rh3# 0-1

[Event "Early-Titled-Tuesday-Blitz-January-23-2024"]
[Site "Chess.com"]
[Date "2024.01.23"]
[Round "5"]
[White "NovozhilovSemen"]
[Black "Zgorl"]
[Result "1-0"]
[WhiteElo "2654"]
[BlackElo "2504"]
[TimeControl "180+1"]
[EndTime "8:53:25 PST"]
[Termination "NovozhilovSemen won by resignation"]

1. d4 Nf6 2. Nf3 g6 3. Nc3 d5 4. Bf4 Bg7 5. Nb5 Na6 6. e3 O-O 7. Be2 c6 8. Nc3 Qb6 9. a3 c5 10. Na4 Qa5+ 11. c3 c4 12. b4 cxb3 13. Qxb3 Bd7 14.
Nb2 Rfc8 15. O-O b6 16. Rac1 b5 17. Ne5 Be8 18. Nbd3 Nd7 19. Qxd5 e6 20. Qb3 Nb6 21. Bf3 Rab8 22. Nb4 Nc4 23. Nec6 Bxc6 24. Nxc6 Qxa3 25. Qxa3 Nxa3 26. Nxb8 Nxb8 27. Bb7 Re8 28. Ra1 Bf8 29.
Rfd1 a5 30. d5 exd5 31. Bxd5 Rc8 32. h4 Nc6 33. Bxc6 Rxc6 34. Rd8 1-0

[Event "Early-Titled-Tuesday-Blitz-January-23-2024"]
[Site "Chess.com"]
[Date "2024.01.23"]
[Round "5"]
[White "maciek_92"]
[Black "ozates"]
[Result "1-0"]
[WhiteElo "2833"]
[BlackElo "2602"]
[TimeControl "180+1"]
[EndTime "8:53:31 PST"]
[Termination "maciek_92 won by resignation"]

1. c4 Nf6 2. Nc3 c5 3. g3 g6 4. Bg2 Bg7 5. Nf3 O-O 6. O-O Nc6 7.
a3 d6 8. Rb1 a5 9. d3 e5 10.
Bg5 h6 11. Bxf6 Qxf6 12. Nd2 Be6 13. Qa4 Bd7 14. Nde4 Qd8 15. Nxd6 Nd4 16. Qd1 Bc6 17. Bxc6 bxc6 18. Nde4 f5 19. Nxc5 f4 20. e3 f3 21.
exd4 Qc8 22. Kh1 Qh3 23. Rg1 Rf5 24. Qf1 Qg4 25. d5 Rh5 26. Re1 Rh3 27. Re4 Qh5 28. Rh4 Rxh4 29. gxh4 cxd5 30. Nxd5 Kh7 31. Qh3 Rf8 32.
Ne6 Rf7 33. Qg4 Qxh4 1-0

[Event "Early-Titled-Tuesday-Blitz-January-23-2024"]
[Site "Chess.com"]
[Date "2024.01.23"]
[Round "5"]
[White "BashiqChess"]
[Black "YurasovMat-2012"]
[Result "0-1"]
[WhiteElo "2462"]
[BlackElo "2609"]
[TimeControl "180+1"]
[EndTime "8:53:32 PST"]
[Termination "YurasovMat-2012 won by resignation"]

1. d4 d5 2. Nf3 Nf6 3. e3 Bf5 4.
Bd3 Bxd3 5. Qxd3 c5 6. dxc5 Nc6 7. O-O e5 8. Qe2 Bxc5 9. c4 e4 10. Nfd2 d4 11. Nxe4 Nxe4 12. exd4 Qxd4 13. Be3 Qe5 14.
Bxc5 Nxc5 15. Qxe5+ Nxe5 16. Re1 Nd3 17. Re3 O-O-O 18. Nc3 Nxc4 19. Re7 Rd7 20. Rxd7 Kxd7 21. b3 Ncb2 22. Kf1 Rc8 23. Nd1 Rc2 24. Nxb2 Nxb2 25. Re1 b5 26. f3 Nd3 27. Rd1 Rc1 28. Ke2 Rxd1 29. Kxd1 a5 30. Kd2 Ne5 0-1

[Event "Early-Titled-Tuesday-Blitz-January-23-2024"]
[Site "Chess.com"]
[Date "2024.01.23"]
[Round "5"]
[White "GatoRojo150"]
[Black "esrosenberg"]
[Result "1-0"]
[WhiteElo "2592"]
[BlackElo "2347"]
[TimeControl "180+1"]
[EndTime "8:53:37 PST"]
[Termination "GatoRojo150 won by resignation"]

1. e4 g6 2. Nf3 Bg7 3. Nc3 d6 4. d4 a6 5. Bc4 b5 6. Bb3 Bb7 7. Ng5 Nh6 8. h4 e6 9. Bxe6 fxe6 10.
Nxe6 Qe7 11. Nd5 Bxd5 12. exd5 Nf7 13. O-O Bf6 14. Re1 Ra7 15. Nf4 O-O 16. Rxe7 Bxe7 17. Ne6 Rc8 18. Bg5 Nxg5 19. hxg5 c6 20. Qf3 cxd5 21. Qxd5 Kh8 22. c3 Nd7 23. Re1 Nf8 24.
g3 Nxe6 25. Rxe6 Rf8 26. Qe4 Bxg5 27. Rxd6 Raf7 28. f4 Bf6 29. Rxa6 Bg7 30. Ra8 Rxa8 31. Qxa8+ Rf8 32. Qb7 b4 33. Qxb4 Re8 34. Kf2 h5 35.
Qb5 Ra8 36. a4 Kh7 37. a5 h4 38. gxh4 Rf8 39. Kg3 Bh6 40. Qe5 Rf5 41. Qe7+ Kg8 42. Qe8+ Kh7 43. Qd7+ Kg8 44. Qc8+ Kh7 45. Qb7+ Kg8 46.
Qb8+ Kh7 47. a6 Bxf4+ 48. Qxf4 1-0

[Event "Early-Titled-Tuesday-Blitz-January-23-2024"]
[Site "Chess.com"]
[Date "2024.01.23"]
[Round "5"]
[White "emeli_chess"]
[Black "itsdsyr"]
[Result "1-0"]
[WhiteElo "2425"]
[BlackElo "2241"]
[TimeControl "180+1"]
[EndTime "8:53:37 PST"]
[Termination "emeli_chess won by resignation"]

1. d4 Nf6 2. c4 e6 3. Nc3 d5 4. cxd5 exd5 5. Bg5 c6 6. Qc2 Be7 7. e3 a5 8. Bd3 h6 9. Bh4 O-O 10. Nf3 Na6 11. a3 Nc7 12. O-O Be6 13. Ne5 Ng4 14.
Bxe7 Qxe7 15. Nxg4 Bxg4 16. Bh7+ Kh8 17. Bf5 Qg5 18.
Bxg4 Qxg4 19. Qe2 Qxe2 20. Nxe2 Ra6 21. Rfc1 Rb6 22. Rc2 Nb5 23. f3 f5 24. Kf2 Re8 25. h3 Nd6 26. Nc3 Nc4 27. Nd1 Rb3 28. Rc3 Rxc3 29. bxc3 Re7 30. a4 b5 31. g3 Kg8 32.
Ke2 Kf7 33. Kd3 Nb2+ 34. Nxb2 Rb7 35. axb5 1-0

[Event "Early-Titled-Tuesday-Blitz-January-23-2024"]
[Site "Chess.com"]
[Date "2024.01.23"]
[Round "5"]
[White "abelmat"]
[Black "apuwins"]
[Result "0-1"]
[WhiteElo "2135"]
[BlackElo "2336"]
[TimeControl "180+1"]
[EndTime "8:53:40 PST"]
[Termination "apuwins won on time"]

1. c4 e5 2. Nc3 d6 3. Nf3 f5 4. g3 Nf6 5. Bg2 g6 6. O-O Nc6 7. e4 Bg7 8. d4 O-O 9. dxe5 dxe5 10. Nd5 Nxe4 11. Qe2 Ne7 12. Ng5 Nc5 13. Be3 Ne6 14.
Rad1 Nxd5 15. Bxd5 Qe7 16. b4 Rd8 17. Bc5 Qxg5 18. f4 Qf6 19. fxe5 Qxe5 20. Qg2 c6 21. Rfe1 Qf6 0-1

[Event "Early-Titled-Tuesday-Blitz-January-23-2024"]
[Site "Chess.com"]
[Date "2024.01.23"]
[Round "5"]
[White "CristianS27"]
[Black "ValentunHulka"]
[Result "0-1"]
[WhiteElo "2593"]
[BlackElo "2808"]
[TimeControl "180+1"]
[EndTime "8:53:43 PST"]
[Termination "ValentunHulka won by resignation"]

1. e4 e5 2. Nf3 Nc6 3. Bc4 Nf6 4. d4 exd4 5. Ng5 Ne5 6. Bb3 h6 7.
f4 hxg5 8. fxe5 Nxe4 9. Bd5 Nc5 10. O-O Ne6 11. Qf3 Qe7 12. Na3 g6 13. Nb5 Bg7 14.
Bxe6 dxe6 15. Bxg5 Qd7 16. Bf6 Bxf6 17. Qxf6 Rh7 18.
a4 a6 19. Na3 b6 20. Rad1 Bb7 21. Rd2 Rd8 22. Rfd1 Qe7 23. Qxe7+ Kxe7 24. Rxd4 Rxd4 25. Rxd4 Rh5 26. Nc4 Bd5 27. g4 Rh3 28. c3 c5 29.
Rf4 g5 0-1

[Event "Early-Titled-Tuesday-Blitz-January-23-2024"]
[Site "Chess.com"]
[Date "2024.01.23"]
[Round "5"]
[White "amintabatabaei"]
[Black "Alexei_Kornev"]
[Result "0-1"]
[WhiteElo "3004"]
[BlackElo "2734"]
[TimeControl "180+1"]
[EndTime "8:53:44 PST"]
[Termination "Alexei_Kornev won by resignation"]

1. d4 Nf6 2. Bg5 d5 3. e3 g6 4. Bxf6 exf6 5. Nf3 c6 6. c4 dxc4 7. Bxc4 Bd6 8. Nc3 O-O 9. O-O Nd7 10. a3 f5 11. b4 Qe7 12. Re1 Nf6 13. Qc2 Kg7 14. Rad1 Bd7 15. Qb3 b5 16. Bf1 a5 17.
Rb1 axb4 18. axb4 Be6 19. Qb2 Nd5 20. e4 Nxc3 21. Qxc3 fxe4 22. Rxe4 Qf6 23. Ree1 Bd5 24. Ne5 Rfe8 25. g3 Ra2 26. f4 Qf5 27. Ra1 Rea8 28. Rxa2 Rxa2 29. Re2 Rxe2 30. Bxe2 Qb1+ 31. Bf1 Bxb4 32.
Qd3 Qe1 33. f5 Bd2 34. Ng4 h5 35. f6+ Kh7 36. Nf2 Be3 37. Qe2 Qxe2 38. Bxe2 0-1

[Event "Early-Titled-Tuesday-Blitz-January-23-2024"]
[Site "Chess.com"]
[Date "2024.01.23"]
[Round "5"]
[White "Ali_rastbod"]
[Black "mortngabriel"]
[Result "0-1"]
[WhiteElo "2703"]
[BlackElo "2530"]
[TimeControl "180+1"]
[EndTime "8:53:44 PST"]
[Termination "mortngabriel won by resignation"]

1. e4 c5 2. Nf3 Nc6 3. Bb5 Nf6 4. e5 Nd5 5. Nc3 Nc7 6. Bxc6 dxc6 7. O-O Bg4 8. h3 Bh5 9. Re1 Qd7 10. d3 Ne6 11.
Ne4 Nd4 12. Ned2 O-O-O 13. Re4 f5 14. Re3 g5 15. c3 Ne6 16. Nf1 f4 17. Re1 Qxd3 18.
Qxd3 Rxd3 19. N1h2 Bg7 20. a4 Rhd8 21. b3 Rxc3 22. Ba3 Rxb3 23. Reb1 Rxb1+ 24. Rxb1 Rd3 25. Bb2 Rb3 26. Nd2 Rb4 27. Nhf1 Bg6 0-1

[Event "Early-Titled-Tuesday-Blitz-January-23-2024"]
[Site "Chess.com"]
[Date "2024.01.23"]
[Round "5"]
[White "Freeeeeeeeeeeeeeeeee"]
[Black "yobdc"]
[Result "0-1"]
[WhiteElo "2127"]
[BlackElo "2528"]
[TimeControl "180+1"]
[EndTime "8:53:48 PST"]
[Termination "yobdc won on time"]

1. e4 e6 2. Nf3 c5 3. g3 Nc6 4.
Bg2 Nf6 5. Nc3 d5 6. exd5 exd5 7. O-O d4 8. Re1+ Be7 9. Ne4 O-O 10. Nxf6+ Bxf6 11. d3 Bg4 12. h3 Be6 13. Bf4 Qd7 14. Kh2 Rae8 15. Ne5 Bxe5 16. Bxe5 Bd5 17. Bf4 Bxg2 18. Kxg2 Rxe1 19. Qxe1 Re8 20. Qd1 g5 21. Bd2 Ne5 22. Qh5 Qd5+ 23. f3 Nxf3 24. Kf2 Nxd2 25. Rd1 Qf5+ 26. Kg2 Qd5+ 27. Kf2 Qe5 0-1

[Event "Early-Titled-Tuesday-Blitz-January-23-2024"]
[Site "Chess.com"]
[Date "2024.01.23"]
[Round "5"]
[White "kibromNNN"]
[Black "KanalSzachowy"]
[Result "0-1"]
[WhiteElo "1647"]
[BlackElo "2339"]
[TimeControl "180+1"]
[EndTime "8:53:49 PST"]
[Termination "KanalSzachowy won on time"]

1. c4 e5 2. Nc3 Nf6 3. g3 Bb4 4.
Bg2 Bxc3 5. bxc3 O-O 6. d3 d6 7.
e3 Nbd7 8. Rb1 Nc5 9. Ne2 e4 10. dxe4 Ncxe4 11. O-O b6 12. Nd4 Bb7 13. Qc2 Re8 14.
Rd1 Nc5 15. Qf5 Nce4 16. Bb2 c5 17. Nb5 Bc8 18. Qf4 g5 19. Bxe4 gxf4 20. Bxa8 fxe3 21. Nxd6 exf2+ 22. Kxf2 Bg4 23. Rd2 Qxa8 24. Nxe8 Ne4+ 25. Ke3 Qxe8 26. Rd5 Nxc3+ 0-1

[Event "Early-Titled-Tuesday-Blitz-January-23-2024"]
[Site "Chess.com"]
[Date "2024.01.23"]
[Round "5"]
[White "SnekkerAndersen"]
[Black "rionelG"]
[Result "1-0"]
[WhiteElo "2631"]
[BlackElo "2315"]
[TimeControl "180+1"]
[EndTime "8:53:50 PST"]
[Termination "SnekkerAndersen won by resignation"]

1. d4 d5 2. c4 e6 3. Nf3 Nf6 4. Nc3 c6 5. e3 Nbd7 6. Bd3 dxc4 7. Bxc4 b5 8. Bb3 Bb7 9. O-O Bd6 10. e4 e5 11. Bg5 Qe7 12. d5 h6 13. dxc6 Bxc6 14. Nd5 Bxd5 15. Bxd5 Rb8 16. Bh4 O-O 17. Bg3 Nxd5 18.
exd5 Rfc8 19. Re1 Qf6 20. Nd2 a5 21. Ne4 Qe7 22. Qg4 Nf6 23. Nxf6+ Qxf6 24. Bh4 Qf4 25.
Qxf4 exf4 26. Be7 Bxe7 27. Rxe7 Rc2 28. Rd1 Rd8 29. h3 Rxb2 30. d6 f3 31. d7 Kf8 32.
Re3 Re2 33. Rxf3 Re7 34. Rfd3 Re2 35. Rd5 a4 36. a3 Ree8 37. dxe8=Q+ 1-0

[Event "Early-Titled-Tuesday-Blitz-January-23-2024"]
[Site "Chess.com"]
[Date "2024.01.23"]
[Round "5"]
[White "Alonmindlin"]
[Black "ViIIagra"]
[Result "0-1"]
[WhiteElo "2702"]
[BlackElo "2970"]
[TimeControl "180+1"]
[EndTime "8:53:51 PST"]
[Termination "ViIIagra won by resignation"]

1. d4 d6 2. e4 g6 3. Nc3 a6 4. g3 b5 5. Bg2 Bb7 6. Nge2 Bg7 7. O-O Nd7 8. h3 Ngf6 9. f4 Nb6 10. a4 b4 11. a5 bxc3 12. axb6 cxb2 13. Bxb2 Nxe4 14.
bxc7 Qxc7 15. Qd3 f5 16. Qb3 Rb8 17. d5 Bc8 18. Bxg7 Rxb3 19. cxb3 Rg8 20. Rfc1 Qb8 21.
Bb2 Kf7 22. Nd4 Bb7 23. Ne6 h6 24. Nc7 Rc8 0-1

[Event "Early-Titled-Tuesday-Blitz-January-23-2024"]
[Site "Chess.com"]
[Date "2024.01.23"]
[Round "5"]
[White "GeorgiosSouleidis"]
[Black "EvilMorty23"]
[Result "1-0"]
[WhiteElo "2657"]
[BlackElo "2504"]
[TimeControl "180+1"]
[EndTime "8:53:51 PST"]
[Termination "GeorgiosSouleidis won by resignation"]

1. e4 e6 2. d4 d5 3. Nc3 Nf6 4. Bg5 dxe4 5. Nxe4 Be7 6. Nxf6+ Bxf6 7. Bxf6 Qxf6 8.
Nf3 Nc6 9. Qd3 O-O 10. O-O-O e5 11.
dxe5 Nxe5 12. Nxe5 Qxe5 13. Qd4 Qa5 14. Bc4 Bf5 15.
Rhe1 Rfe8 16. Rxe8+ Rxe8 17. f3 h6 18. g4 Bg6 19. h4 h5 20. a3 Qa4 21. Bxf7+ Bxf7 22. Qxa4 hxg4 23. fxg4 Re2 24. h5 c6 25. Qf4 Re8 26. Rd7 Rf8 27. Rxb7 Bxh5 28. Qxf8+ Kxf8 29. gxh5 Kg8 30. Rxa7 Kh7 31. a4 Kh6 32. a5 Kxh5 33. Rxg7 c5 34.
c4 Kh6 35. Rg1 Kh5 36. Kd2 Kh4 37. Ke2 Kh3 38. Kf2 Kh2 39. a6 Kh3 40. a7 Kh2 41. Rg3 1-0

[Event "Early-Titled-Tuesday-Blitz-January-23-2024"]
[Site "Chess.com"]
[Date "2024.01.23"]
[Round "5"]
[White "Andrey_Klymchuk"]
[Black "Jenia84"]
[Result "1-0"]
[WhiteElo "2746"]
[BlackElo "2326"]
[TimeControl "180+1"]
[EndTime "8:53:51 PST"]
[Termination "Andrey_Klymchuk won by resignation"]

1. e4 c5 2. d4 cxd4 3. Qxd4 Nc6 4. Qd3 d6 5. Nc3 Bd7 6. Nf3 Nf6 7. Be2 g6 8. O-O Bg7 9. h3 O-O 10. Nd5 Rc8 11.
c3 a6 12. Re1 Nxd5 13. exd5 Ne5 14. Nxe5 dxe5 15. a4 e6 16. Bf3 b5 17. dxe6 Bxe6 18.
Qxd8 Rfxd8 19. Bb7 Rb8 20. Bxa6 bxa4 21. Rxa4 Bb3 22. Ra1 e4 23. Bf4 Ra8 24. Rxe4 Rd1+ 25. Rxd1 Bxd1 26. Bb5 h6 27. Re8+ Rxe8 28. Bxe8 Kf8 29.
Bb5 f5 30. Bd6+ Kf7 31. f4 g5 32. g3 Ke6 33. Bb4 Bf6 34. Kf2 Bd8 35. Bc4+ Kf6 36. Bc5 Bc7 37. Be3 Ba4 38. b4 Bc6 39. b5 Bb7 40.
Bd3 1-0

[Event "Early-Titled-Tuesday-Blitz-January-23-2024"]
[Site "Chess.com"]
[Date "2024.01.23"]
[Round "5"]
[White "Actuary44"]
[Black "ferdipy"]
[Result "1-0"]
[WhiteElo "2514"]
[BlackElo "2293"]
[TimeControl "180+1"]
[EndTime "8:53:54 PST"]
[Termination "Actuary44 won by resignation"]

1. e4 c5 2. d4 cxd4 3. c3 dxc3 4.
Nxc3 Nc6 5. f4 e6 6. Nf3 a6 7. Bd3 b5 8. O-O Bb7 9. Qe1 Nge7 10. Be3 Ng6 11. Rd1 Be7 12. f5 Nge5 13. fxe6 fxe6 14.
Nxe5 Nxe5 15. Qg3 Bf6 16. Rxf6 gxf6 17. Qg7 Rf8 18. Bc5 Ng6 19. Qxh7 Qc7 20. Qxg6+ Kd8 21.
Bxf8 Qb6+ 22. Kh1 Kc7 23. Qxf6 Qe3 24. Qe5+ Kd8 25. Bc5 Qh6 26. Rf1 1-0

[Event "Early-Titled-Tuesday-Blitz-January-23-2024"]
[Site "Chess.com"]
[Date "2024.01.23"]
[Round "5"]
[White "Francisco_Ferrari"]
[Black "wanyaland"]
[Result "0-1"]
[WhiteElo "2196"]
[BlackElo "2458"]
[TimeControl "180+1"]
[EndTime "8:53:54 PST"]
[Termination "wanyaland won on time"]

1. d4 d5 2. Nf3 e6 3. c4 Nf6 4. Nc3 c6 5. g3 Nbd7 6. Bg2 dxc4 7. O-O b5 8. Bf4 Bb7 9. Rc1 a6 10. a4 Be7 11. Qc2 Qb6 12. Rfd1 c5 13. dxc5 Bxc5 14. e3 O-O 15. b3 b4 16. Nb1 c3 17. Nxc3 bxc3 18.
Qxc3 Bb4 19. Qb2 Bd5 20. Bc7 Qb7 21. Ne5 Nxe5 22. Bxd5 Nf3+ 23. Bxf3 Qxf3 24. Rd4 a5 25. Bd6 Bxd6 26. Rxd6 Ne4 27. Rd4 Ng5 28. h4 Nh3+ 29.
Kh2 Nxf2 30. Rf1 Ng4+ 31. Rxg4 Qxg4 32. Rf4 Qd1 33. Kh3 h5 34. g4 Qh1+ 35. Kg3 Rac8 0-1

[Event "Early-Titled-Tuesday-Blitz-January-23-2024"]
[Site "Chess.com"]
[Date "2024.01.23"]
[Round "5"]
[White "ErikRonka"]
[Black "RodokininEV"]
[Result "1-0"]
[WhiteElo "2498"]
[BlackElo "2607"]
[TimeControl "180+1"]
[EndTime "8:53:55 PST"]
[Termination "ErikRonka won by checkmate"]

1. e4 c5 2. Nf3 e6 3. d4 cxd4 4.
Nxd4 a6 5. Nc3 Qc7 6. Bd3 Bc5 7. Nb3 Be7 8. Qg4 Kf8 9. Bd2 Nf6 10. Qe2 Nc6 11.
f4 Nb4 12. O-O-O b5 13. g4 Bb7 14. g5 Ne8 15. Kb1 Rc8 16. a3 Nc6 17. Rhf1 Nd6 18. f5 Ne5 19. Bf4 Ndc4 20. Bxc4 bxc4 21.
Nd4 Kg8 22. Qf2 Rf8 23. f6 Bd6 24. fxg7 Kxg7 25. Ndb5 axb5 26. Nxb5 Qc5 27. Nxd6 Qxf2 28. Bxe5+ f6 29. gxf6+ Qxf6 30. Rxf6 Bc6 31. Rg1# 1-0

[Event "Early-Titled-Tuesday-Blitz-January-23-2024"]
[Site "Chess.com"]
[Date "2024.01.23"]
[Round "5"]
[White "gmcorrales"]
[Black "brm72"]
[Result "1/2-1/2"]
[WhiteElo "2926"]
[BlackElo "2702"]
[TimeControl "180+1"]
[EndTime "8:53:56 PST"]
[Termination "Game drawn by agreement"]

1. e4 c5 2. Nf3 Nc6 3. d4 cxd4 4.
Nxd4 Nf6 5. Nc3 e6 6. Ndb5 Bc5 7. Nd6+ Ke7 8. Bf4 e5 9. Nf5+ Kf8 10. Bg5 d6 11.
Bd3 h6 12. Bxf6 Qxf6 13. Nd5 Qg5 14. g3 Be6 15. h4 Qd8 16. c3 g6 17. Nfe3 Kg7 18.
Qe2 Ne7 19. Nxe7 Qxe7 20. h5 Bxe3 21. Qxe3 g5 22. c4 a6 23. O-O Bg4 24. Be2 Qe6 25. Rfd1 Bxe2 26. Qxe2 Rac8 27. Rd5 Rc5 28. Rad1 Rxd5 29.
Rxd5 Rc8 30. b3 Rc5 31. Rxc5 dxc5 32. Qd1 Qc6 33. Qd5 Qc7 34. Kg2 b6 35. Kf3 a5 36.
a4 Qe7 37. Kg4 Qf6 38. f3 Qe6+ 39. Qxe6 fxe6 1/2-1/2

[Event "Early-Titled-Tuesday-Blitz-January-23-2024"]
[Site "Chess.com"]
[Date "2024.01.23"]
[Round "5"]
[White "dennisodessa"]
[Black "Kiborg95"]
[Result "0-1"]
[WhiteElo "2632"]
[BlackElo "2865"]
[TimeControl "180+1"]
[EndTime "8:53:58 PST"]
[Termination "Kiborg95 won by checkmate"]

1. d4 d6 2. c4 e5 3. d5 a5 4.
Nc3 Be7 5. e4 Na6 6. Bd3 Nc5 7.
Bc2 Bg5 8. Nge2 h5 9. O-O Bd7 10. f4 exf4 11. Bxf4 Qe7 12. Ng3 Bxf4 13. Rxf4 Nf6 14. Qd4 h4 15. Nf5 Bxf5 16. Rxf5 h3 17. e5 Nfd7 18. exd6 cxd6 19. Qxg7 O-O-O 20. Qg5 f6 21. Qd2 hxg2 22. Rf3 Rdg8 23. Bf5 Kb8 24. Be6 Ne5 25.
Rf2 Qh7 26. h3 Nxe6 27. dxe6 Qxh3 28. Qxd6+ Ka8 29. Nb5 Qh2# 0-1

[Event "Early-Titled-Tuesday-Blitz-January-23-2024"]
[Site "Chess.com"]
[Date "2024.01.23"]
[Round "5"]
[White "Boundless_Strike"]
[Black "Mops_2004"]
[Result "0-1"]
[WhiteElo "2614"]
[BlackElo "2843"]
[TimeControl "180+1"]
[EndTime "8:53:58 PST"]
[Termination "Mops_2004 won on time"]

1. d4 g6 2. h4 Nf6 3. h5 Nxh5 4. g4 Nf6 5. g5 Nh5 6. e4 d5 7. Rxh5 gxh5 8. Qxh5 Nc6 9. Be3 Bg7 10. Nc3 dxe4 11.
Bc4 O-O 12. O-O-O Bf5 13. Nge2 Na5 14. Bd5 Bg6 15. Qh4 c6 16. Bxe4 Nc4 17. Rh1 Re8 18. Bxg6 hxg6 19. Qh7+ Kf8 20. Nf4 e5 21. dxe5 Nxe3 22.
fxe3 Rxe5 23. Rf1 Rf5 24. e4 Rxf4 25. Rxf4 Qxg5 26. Ne2 Qh6 0-1